 Dungeon Crawl Stone Soup version 0.23.2 (webtiles) character file.

Game seed: 16091788414460784404

82567 ayman255 the Slayer (level 15, -8/165 HPs)
             Began as a Minotaur Berserker on Oct 21, 2019.
             Was the Champion of Trog.
             Killed from afar by a deep elf sorcerer (31 damage)
             ... with damnation
             ... on level 1 of the Elven Halls on Oct 22, 2019.
             The game lasted 02:29:56 (29535 turns).

ayman255 the Slayer (Minotaur Berserker)           Turns: 29535, Time: 02:29:57

Health: -8/165     AC: 26    Str: 26 (27) XL:     15   Next: 29%
Magic:  0/14       EV: 15    Int:  5 (6)  God:    Trog [******]
Gold:   1317       SH:  7    Dex: 13 (16) Spells: 14/14 levels left

rFire    . . .     SeeInvis .   a - +2 whip (freeze)
rCold    . . .     Gourm    .   U - +2 buckler {AC+3}
rNeg     + + .     Faith    .   B - +5 scale mail of Xon Ripn {rN++ Str+3 Dex+2}
rPois    .         Spirit   +   (helmet restricted)
rElec    .         Reflect  .   A - +0 cloak
rCorr    .         Harm     .   o - +1 pair of gloves
MR       +++..                  p - +2 pair of boots
Stlth    ..........             T - amulet of guardian spirit
HPRegen  0.37/turn              w - +3 ring of evasion
MPRegen  0.14/turn              y - ring of protection from magic

@: about to teleport
A: retaliatory headbutt, horns 2, talons 1, icy blue scales 1, clever 1, magic
resistance 1
a: Berserk, Trog's Hand, Brothers in Arms, Renounce Religion


You were on level 1 of the Elven Halls.
You worshipped Trog.
Trog was exalted by your worship.
You were not hungry.

You visited 4 branches of the dungeon, and saw 23 of its levels.
You visited 1 bazaar.

You collected 2348 gold pieces.
You spent 1031 gold pieces at shops.

Inventory:

Hand Weapons
 a - a +2 whip of freezing (weapon)
 c - a +0 hand crossbow
 g - a +0 blowgun
Missiles
 f - 51 tomahawks (quivered)
 h - 329 bolts
 u - 8 needles of sleeping
 J - 498 stones
Armour
 o - a +1 pair of gloves (worn)
 p - a +2 pair of boots (worn)
 A - a +0 cloak (worn)
 B - the +5 scale mail of Xon Ripn (worn) {rN++ Str+3 Dex+2}
   (You found it on level 12 of the Dungeon)

   It affects your strength (+3).
   It affects your dexterity (+2).
   It greatly protects you from negative energy.
 H - +0 acid dragon scales
 U - a +2 buckler of protection (worn)
Jewellery
 m - a +4 amulet of reflection
 w - a +3 ring of evasion (left hand)
 y - a ring of protection from magic (right hand)
 O - an uncursed ring of see invisible
 T - an amulet of guardian spirit (around neck)
Wands
 s - a wand of paralysis (14)
 Z - a wand of disintegration (10)
Scrolls
 b - 7 scrolls of enchant armour
 j - 6 scrolls of teleportation
 k - 12 scrolls of remove curse
 l - a scroll of blinking
 q - 2 scrolls of holy word
 x - 2 scrolls of magic mapping
 z - 15 scrolls of identify
 C - 6 scrolls of enchant weapon
 D - a scroll of summoning
 F - 3 scrolls of immolation
 M - 3 scrolls of fog
 Y - a scroll of fear
Potions
 d - a potion of cancellation
 n - 3 potions of invisibility
 t - 2 potions of agility
 E - 5 potions of brilliance
 K - 7 potions of curing
 N - a potion of resistance
 R - a potion of flight
 S - 2 potions of might
 V - 2 potions of heal wounds
Comestibles
 W - 32 rations


   Skills:
 + Level 23.4 Fighting
 - Level 14.0 Maces & Flails
 - Level 1.4 Crossbows
 - Level 4.0 Throwing
 - Level 12.0 Armour
 - Level 4.0 Dodging
 - Level 4.1 Shields


You had 14 spell levels left.
You didn't know any spells.
Your spell library contained the following spells:

 Spells                   Type           Power        Failure   Level  Hunger
 Sandblast                Erth           #.....       71%         1    ##.....
 Passwall                 Tmut/Erth      #.......     83%         2    ###....
 Stone Arrow              Conj/Erth      #.....       97%         3    ####...
 Petrify                  Tmut/Erth      #.......     100%        4    #####..
 Lee's Rapid Deconstruct  Erth           #.........   100%        5    ######.


Dungeon Overview and Level Annotations

Branches:
Dungeon (14/15)            Temple (0/1) D:4            Lair (6/6) D:10
 Shoals (0/4) Lair:4        Snake (0/4) Lair:4        Slime (0/5) Lair:6
    Orc (2/2) D:10            Elf (1/3) Orc:2        Vaults (0/5) D:14

Altars:
Ashenzari
Cheibriados
Elyvilon
Gozag
Hepliaklqana
Nemelex Xobeh
Qazlal
Ru
Trog
Uskayaw
Xom
Beogh
Jiyva

Shops:
D:10 =   D:11 [   Orc:2 (*[=:   Elf:1 !(*

Annotations:
Lair:3 exclusion: oklob plant


Innate Abilities, Weirdness & Mutations

You reflexively headbutt those who attack you in melee.
You have a pair of horns on your head.
You have sharp toenails.
You are partially covered in icy blue scales. (AC +2)
Your mind is acute. (Int +2)
You are resistant to hostile enchantments. (MR+)


Message History

The deep elf mage gestures at you while chanting.
The bolt of magma hits you!
You hear a twanging sound.
An arrow appears from out of thin air!
The arrow barely misses you.
The deep elf sorcerer points at you and mumbles some strange words.
The sphere of damnation explodes!
The damnation engulfs you!!
The deep elf sorcerer casts a spell at you.
The bolt of acid hits you!!
* * * LOW HITPOINT WARNING * * *
You are splashed with acid!
* * * LOW HITPOINT WARNING * * *
The deep elf sorcerer gestures at you while chanting.
The sphere of damnation explodes!
The damnation engulfs you!
* * * LOW HITPOINT WARNING * * *
You hear some strange, mumbled words.
As you read the scroll of teleportation, it crumbles to dust.
You feel strangely unstable.
The deep elf sorcerer gestures at you while chanting.
The sphere of damnation explodes!
The damnation engulfs you!!
You die...

*********################
,,,,,,,,,............(..#
,,,,,,,,,.......@.e..e..#
******,**####..##'####e.#
,,,,,*,*,,,,#.,#.....#..#
,,,,,*,*,,,,+,,#.....#..#
,,,,,*,*,,,,*,,#.....#e.#
,,,,,*,*,,,,*,,#.....#e.#
,,,>,*,*,,,,*,,#.....#E)#
+*****,******,,#.....#§.#
,,,,,,,,,,,,,,,⌠.⌠..,#§.#


You could see a deep elf sorcerer, a deep elf archer and a deep elf mage.

Vanquished Creatures
  Rupert (D:14)
  2 orc warlords
  Nessos (D:13)
  A dire elephant (Lair:6)
  Erolcha (Orc:2)
  A vault guard (D:14)
  5 hydras
  A catoblepas (Lair:6)
  A deep troll shaman (Lair:6)
  2 two-headed ogres
  6 death yaks (Lair:6)
  3 tengu warriors
  5 orc high priests
  3 deep elf knights (Elf:1)
  The ghost of dvidal the Protected, a novice MiBe of Trog (D:8)
  Pikel (D:8)
  2 deep elf archers (Elf:1)
  8 ugly things
  An orc knight (Orc:1)
  2 oklob plants (Lair:3)
  2 deep elf magi (Elf:1)
  4 orc sorcerers (Orc:2)
  A manticore (D:14)
  4 cyclopes
  Maurice (D:11)
  4 elephants (Lair:6)
  5 black mambas
  10 spiny frogs
  A torpor snail (Lair:5)
  2 centaur skeletons
  5 kobold demonologists
  9 komodo dragons
  A rime drake (Lair:2)
  3 polar bears
  7 trolls
  A tengu conjurer (D:13)
  A queen bee (D:8)
  10 slime creatures
  A snapping turtle (Lair:4)
  12 dream sheep
  9 blink frogs
  A meliai zombie (D:14)
  11 hippogriffs
  A shadow (D:11)
  A vampire (D:14)
  A wraith (D:10)
  44 yaks
  3 wyverns
  5 basilisks
  4 hungry ghosts
  A steam dragon (D:11)
  6 vampire mosquitoes
  4 wargs
  3 nagas (Lair:4)
  A soldier ant (shapeshifter) (D:13)
  Duvessa (D:7)
  An acid dragon (D:13)
  8 water moccasins
  4 porcupines
  A black bear (Lair:6)
  An ice beast (D:9)
  4 phantoms
  43 orc warriors
  3 sky beasts
  An eye of draining (D:8)
  A hornet zombie (D:8)
  3 slaves (D:8)
  23 wolves
  10 centaurs
  15 ogres
  A necrophage (D:11)
  10 crocodiles
  7 big kobolds
  12 bullfrogs
  Dowan (D:7)
  A wyvern skeleton (D:12)
  7 scorpions
  18 killer bees
  7 wights
  3 howler monkeys
  13 electric eels
  A vampire bat (D:3)
  7 crimson imps
  2 bullfrog zombies
  7 hounds
  17 orc priests
  5 jellies
  16 orc wizards
  Crazy Yiuf (D:3)
  A bullfrog skeleton (D:6)
  6 iguanas
  10 worker ants
  A hound skeleton (D:4)
  A worker ant zombie (D:11)
  12 adders
  4 shadow imps
  2 adder skeletons
  4 worms
  A dart slug (D:2)
  3 fire bats (D:3)
  2 leopard geckos
  81 orcs
  2 spectral bats (D:3)
  17 bats
  A bat simulacrum (D:3)
  3 bat skeletons (D:3)
  A bat zombie (D:3)
  5 giant cockroaches
  3 goblins
  6 hobgoblins
  13 jackals
  18 kobolds
  8 quokkas
  2 ball pythons
  5 frilled lizards
  2 quokka skeletons
  6 rats (D:1)
  A fungus (Orc:2)
  8 plants
711 creatures vanquished.

Vanquished Creatures (collateral kills)
  A deep elf mage (Elf:1)
1 creature vanquished.

Vanquished Creatures (others)
  A slave (D:8)
  An orc (D:8)
  10 fungi
  8 plants
20 creatures vanquished.

Grand Total: 732 creatures vanquished

Notes
Turn   | Place    | Note
-------+----------+-------------------------------------------
     0 | D:1      | ayman255 the Minotaur Berserker began the quest for the
                  | Orb.
     0 | D:1      | Reached XP level 1. HP: 19/19 MP: 0/0
   281 | D:1      | Reached XP level 2. HP: 27/27 MP: 1/1
   350 | D:1      | Reached skill level 4 in Fighting
   705 | D:2      | Reached XP level 3. HP: 16/34 MP: 2/2
   989 | D:2      | Reached XP level 4. HP: 19/41 MP: 3/3
  1238 | D:2      | Reached skill level 5 in Fighting
  1412 | D:2      | Reached ** piety under Trog
  1804 | D:2      | Found a snail-covered altar of Cheibriados.
  2152 | D:3      | Reached XP level 5. HP: 48/48 MP: 4/4
  2510 | D:3      | Found a shimmering altar of Xom.
  2618 | D:3      | Reached XP level 6. HP: 52/57 MP: 5/5
  2621 | D:3      | Reached skill level 6 in Fighting
  2644 | D:3      | Reached skill level 5 in Maces & Flails
  2876 | D:3      | Found a runed translucent door.
  2877 | D:3      | Noticed Crazy Yiuf
  2882 | D:3      | Paralysed by Crazy Yiuf for 2 turns
  2885 | D:3      | Killed Crazy Yiuf
  2885 | D:3      | Reached *** piety under Trog
  2942 | D:4      | Got a shimmering ivory amulet
  2961 | D:4      | Found a shattered altar of Ashenzari.
  2962 | D:4      | Found an opulent altar of Gozag.
  2962 | D:4      | Found a hazy altar of Hepliaklqana.
  2983 | D:4      | Got a jade-encrusted ring mail
  2994 | D:4      | Identified the +1 ring mail "Qasacask" {rElec Dex+2} (You
                  | found it on level 4 of the Dungeon)
  2995 | D:4      | Identified the amulet "Ipugium" {Harm *Drain rN+} (You
                  | found it on level 4 of the Dungeon)
  3044 | D:4      | Found a staircase to the Ecumenical Temple.
  3438 | D:4      | Reached skill level 7 in Fighting
  3438 | D:4      | Reached XP level 7. HP: 49/66 MP: 6/6
  3673 | D:5      | Entered Level 5 of the Dungeon
  3721 | D:5      | Reached skill level 8 in Fighting
  3904 | D:5      | Found a white marble altar of Elyvilon.
  4171 | D:5      | Found a sparkling altar of Nemelex Xobeh.
  4484 | D:6      | Reached skill level 9 in Fighting
  4484 | D:6      | Reached XP level 8. HP: 73/78 MP: 5/7
  4709 | D:5      | Reached skill level 10 in Fighting
  4979 | D:6      | Reached **** piety under Trog
  5340 | D:6      | Found a stormy altar of Qazlal.
  5340 | D:6      | Found a hide-covered altar of Uskayaw.
  5425 | D:6      | Found a sacrificial altar of Ru.
  5525 | D:7      | Noticed a hippogriff
  5544 | D:6      | Killed a hippogriff
  5544 | D:6      | Reached skill level 11 in Fighting
  5657 | D:7      | Reached XP level 9. HP: 57/89 MP: 5/8
  5704 | D:7      | Reached skill level 1 in Throwing
  5992 | D:7      | Noticed Duvessa
  5995 | D:7      | Noticed Dowan
  6008 | D:7      | Killed Duvessa
  6009 | D:7      | Killed Dowan
  6348 | D:7      | Reached skill level 12 in Fighting
  6880 | D:8      | Found a runed translucent door.
  6880 | D:8      | Noticed dvidal's ghost (novice MiBe)
  6901 | D:8      | Noticed Pikel
  7517 | D:8      | Killed Pikel
  7517 | D:8      | Reached skill level 13 in Fighting
  7517 | D:8      | Reached XP level 10. HP: 87/101 MP: 7/9
  7598 | D:8      | Reached skill level 10 in Maces & Flails
  7607 | D:8      | Reached ***** piety under Trog
  8291 | D:9      | Received a gift from Trog
  8422 | D:9      | Found a transporter.
  8457 | D:9      | Found a transporter.
  8736 | D:9      | Lost intelligence.
  8884 | D:10     | Entered Level 10 of the Dungeon
  8928 | D:10     | Reached skill level 14 in Fighting
  9063 | D:10     | Gained mutation: You are partially covered in icy blue
                  | scales. (AC +2) [potion of mutation]
  9063 | D:10     | Gained mutation: You have sharp toenails. [potion of
                  | mutation]
  9063 | D:10     | Gained mutation: You are resistant to hostile enchantments.
                  | (MR+) [potion of mutation]
  9063 | D:10     | Gained mutation: Your mind is acute. (Int +2) [potion of
                  | mutation]
  9214 | D:10     | Found Binto's Jewellery Boutique.
  9684 | D:10     | Noticed a two-headed ogre
  9707 | D:10     | Killed a two-headed ogre
  9707 | D:10     | Reached skill level 15 in Fighting
  9867 | D:10     | Reached XP level 11. HP: 87/112 MP: 8/10
 10625 | D:10     | Got a faintly humming chain mail
 10783 | D:10     | Identified the +2 chain mail of Icobuq {rPois Str+5 Int-2
                  | Dex+2} (You found it on level 10 of the Dungeon)
 10821 | D:10     | Found a staircase to the Lair.
 11200 | D:11     | Found a snail-covered altar of Cheibriados.
 11215 | D:11     | Found Cheibriados's Comfort Zone.
 11353 | D:11     | Reached skill level 16 in Fighting
 11717 | D:11     | You fall through a shaft!
 11793 | D:12     | Noticed Maurice
 11941 | D:11     | Received a gift from Trog
 12364 | D:10     | Reached skill level 17 in Fighting
 12370 | D:10     | Found a staircase to the Orcish Mines.
 12596 | Orc:1    | Entered Level 1 of the Orcish Mines
 12757 | Orc:1    | Found a roughly hewn altar of Beogh.
 13090 | Orc:2    | Entered Level 2 of the Orcish Mines
 13093 | Orc:2    | Noticed an orc knight
 13148 | Orc:1    | Killed an orc knight
 13325 | Orc:2    | Found Bojaes's General Store.
 13492 | Orc:2    | Noticed an orc high priest
 13653 | Orc:2    | Killed an orc high priest
 13653 | Orc:2    | Reached XP level 12. HP: 124/127 MP: 11/11
 13660 | Orc:2    | Noticed Erolcha
 13666 | Orc:2    | Reached skill level 18 in Fighting
 13691 | Orc:2    | Killed Erolcha
 13742 | Orc:2    | Reached skill level 5 in Armour
 13849 | Orc:2    | Found a staircase to the Elven Halls.
 13855 | Orc:2    | Found Atistuga's Antique Armour Shop.
 13860 | Orc:2    | Noticed an orc warlord
 13909 | Orc:2    | Killed an orc warlord
 13986 | Orc:2    | Noticed an orc high priest
 14200 | Orc:2    | Killed an orc high priest
 14303 | Orc:2    | Found Jozapoga's Book Shop.
 14489 | Orc:2    | Noticed an orc high priest
 14498 | Orc:2    | Found Ezeh's Antique Weapon Emporium.
 14505 | Orc:2    | Killed an orc high priest
 14811 | Orc:2    | Found Poatagh's Jewellery Shop.
 14811 | Orc:2    | Noticed an orc high priest
 14830 | Orc:2    | Killed an orc high priest
 14844 | Orc:2    | Reached skill level 19 in Fighting
 15207 | Orc:1    | Noticed an orc warlord
 15240 | Orc:1    | Received a gift from Trog
 15542 | Orc:1    | Killed an orc warlord
 16726 | D:11     | Killed Maurice
 16749 | D:11     | Reached XP level 13. HP: 107/138 MP: 10/12
 16912 | D:12     | Reached skill level 20 in Fighting
 16948 | D:11     | Reached skill level 1 in Crossbows
 17255 | D:12     | Got an encrusted scale mail
 17440 | D:12     | Received a gift from Trog
 17600 | D:12     | Reached skill level 1 in Shields
 18012 | D:13     | Noticed Nessos
 18056 | D:13     | Killed Nessos
 18123 | D:13     | Received a gift from Trog
 19084 | D:13     | Reached skill level 10 in Armour
 19626 | D:14     | Noticed Rupert
 19650 | D:14     | Killed Rupert
 19650 | D:14     | Reached skill level 21 in Fighting
 20013 | D:14     | Found a bloodstained altar of Trog.
 20611 | D:14     | Found a gate to the Vaults.
 20633 | D:14     | Reached XP level 14. HP: 125/150 MP: 11/13
 20785 | D:10     | Identified the +5 scale mail of Xon Ripn {rN++ Str+3 Dex+2}
                  | (You found it on level 12 of the Dungeon)
 20822 | Orc:2    | Bought a scroll of identify for 28 gold pieces
 20822 | Orc:2    | Bought a scroll of enchant armour for 105 gold pieces
 20822 | Orc:2    | Bought a potion of invisibility for 112 gold pieces
 20822 | Orc:2    | Bought a scroll of enchant weapon for 105 gold pieces
 20938 | Elf:1    | Entered Level 1 of the Elven Halls
 20953 | Elf:1    | Found a flickering gateway to a bazaar.
 20959 | Elf:1    | Found Xiup's Weapon Boutique.
 20963 | Bazaar   | Entered a bazaar
 20968 | Bazaar   | Found Taibb's Magic Scroll Boutique.
 20986 | Bazaar   | Found Canorax's Antique Weapon Emporium.
 21003 | Bazaar   | Found Hofa's Distillery.
 21020 | Bazaar   | Found Fupn's Antique Armour Shoppe.
 21025 | Bazaar   | Bought a pair of faintly humming boots for 123 gold pieces
 21043 | Bazaar   | Bought a scroll of identify for 20 gold pieces
 21043 | Bazaar   | Bought a scroll of remove curse for 30 gold pieces
 21043 | Bazaar   | Bought a scroll of remove curse for 30 gold pieces
 21043 | Bazaar   | Bought a scroll of identify for 20 gold pieces
 21043 | Bazaar   | Bought a scroll of holy word for 75 gold pieces
 21043 | Bazaar   | Bought a scroll of magic mapping for 35 gold pieces
 21043 | Bazaar   | Bought a scroll of identify for 20 gold pieces
 21043 | Bazaar   | Bought a scroll of enchant weapon for 75 gold pieces
 21074 | Bazaar   | Bought a potion of curing for 36 gold pieces
 21074 | Bazaar   | Bought 2 potions of heal wounds for 120 gold pieces
 21099 | Bazaar   | Identified the +0 pair of boots of Purpose {rC+ Str-4 Int+5
                  | Dex+3} (You bought it in a shop in a bazaar)
 21165 | Elf:1    | Received a gift from Trog
 21991 | D:8      | Killed dvidal's ghost
 22466 | Lair:1   | Entered Level 1 of the Lair of Beasts
 24369 | Lair:3   | Found a hazy altar of Hepliaklqana.
 25062 | Lair:4   | Found a staircase to the Snake Pit.
 25139 | Lair:4   | Received a gift from Trog
 25945 | Lair:4   | Found a staircase to the Shoals.
 26245 | Lair:5   | Reached skill level 22 in Fighting
 26395 | Lair:5   | Reached ****** piety under Trog
 26822 | Lair:6   | Entered Level 6 of the Lair of Beasts
 27027 | Lair:6   | Found a staircase to the Slime Pits.
 27043 | Lair:6   | Found a viscous altar of Jiyva.
 27364 | Lair:6   | Reached XP level 15. HP: 161/161 MP: 14/14
 27652 | Lair:6   | Reached skill level 23 in Fighting
 27728 | Lair:6   | Received a gift from Trog
 28627 | Lair:6   | Got a crystal scimitar
 29489 | Elf:1    | Found Ronaecakh's General Store.
 29489 | Elf:1    | Found Qoumunor's Distillery.
 29493 | Elf:1    | Noticed a deep elf sorcerer
 29497 | Elf:1    | Bought a scroll of enchant armour for 97 gold pieces
 29535 | Elf:1    | Killed from afar by a deep elf sorcerer

Skill      XL: |  1  2  3  4  5  6  7  8  9 10 11 12 13 14 15 |
---------------+----------------------------------------------+-----
Fighting       | 4 5 7 9 11 13 15 17 19 21 22 23 | 23.4
Maces & Flails | 4 5 6 8 9 11 12 14 | 14.0
Armour         | 3 4 8 11 12 | 12.0
Dodging        | 3 4 |  4.0
Throwing       | 4 |  4.0
Crossbows      | 1 |  1.4
Shields        | 4 |  4.1

Action                   |  1- 3 |  4- 6 |  7- 9 | 10-12 | 13-15 || total
-------------------------+-------+-------+-------+-------+-------++-------
Melee: Mace              |    56 |   133 |   400 |   361 |       ||   950
       Headbutt          |     5 |    26 |    91 |   293 |   529 ||   944
       Whip              |       |       |       |   624 |  1472 ||  2096
 Fire: Hunting sling     |       |       |       |    25 |       ||    25
       Hand crossbow     |       |       |       |       |    19 ||    19
Throw: Stone             |       |       |     6 |    12 |       ||    18
       Tomahawk          |       |       |       |    10 |    12 ||    22
       Javelin           |       |       |       |     1 |       ||     1
Invok: Berserk           |     1 |       |     1 |     4 |     3 ||     9
       Trog's Hand       |       |       |       |     1 |       ||     1
       Brothers in Arms  |       |       |       |       |     1 ||     1
Evoke: Phantom mirror    |       |       |       |       |     1 ||     1
       Box of beasts     |       |       |       |       |     4 ||     4
  Use: Scroll            |       |       |     7 |    10 |     9 ||    26
       Potion            |       |       |       |     6 |     6 ||    12
 Stab: Sleeping          |       |     1 |       |       |       ||     1
       Petrified         |       |       |       |       |     5 ||     5
       Distracted        |       |       |       |       |     2 ||     2
  Eat: Chunk             |     1 |     8 |    12 |    37 |    28 ||    86
       Ration            |       |       |     2 |       |     5 ||     7
Armor: Animal skin       |    10 |     2 |       |       |       ||    12
       Ring mail         |       |    63 |   133 |   131 |       ||   327
       Chain mail        |       |       |       |   171 |   188 ||   359
       Scale mail        |       |       |       |       |   268 ||   268
Dodge: Dodged            |    40 |   108 |   198 |   488 |   593 ||  1427
Block: Buckler           |       |    12 |    42 |   104 |   258 ||   416
